 Dungeon Crawl Stone Soup version 0.31-a0-986-g5e6e4ef867 (webtiles) character file.

Game seed: 18119080257524479462

295876 Lobster4 the Slayer (level 21, -18/172 HPs)
             Began as a Djinni Hedge Wizard on Nov 7, 2023.
             Was the Champion of Makhleb.
             Killed from afar by a deep elf elementalist (20 damage)
             ... with a blast of rock fragments
             ... on level 3 of the Elven Halls on Nov 8, 2023.
             The game lasted 04:05:22 (43305 turns).

Lobster4 the Slayer (Djinni Hedge Wizard)          Turns: 43305, Time: 04:05:23

Health: -18/172    AC: 15    Str: 13    XL:     21   Next: 79%
Gold:   2529       EV: 16    Int: 27    God:    Makhleb [******] SH: 14 Dex: 18

rFire   + + .        N - +1 dagger of Buly {freeze, rF- rC+++ Will++ Stlth+}
rCold   + + .        J - +2 kite shield
rNeg    + + .        I - +0 ring mail of Darkness {rElec Int+5}
rPois   ∞            l - +1 helmet
rElec   +            u - +1 cloak {rCorr}
rCorr   +            c - +1 pair of gloves
SInv    .            (boots unavailable)
Will    ++++.        T - amulet "Noenekhlo" {rN+ Regen+}
Stlth   +++++++      q - ring of protection from fire
HPRegen 1.28/turn    A - ring of Henotheism {rN+ rCorr Dex+4 Stlth+}
MPRegen 0.00/turn

%: infuse magic (-19 HP)
@: about to teleport, on blink cooldown, immotile, flying, very slightly
contaminated
A: sickness immunity, fire resistance 2, cold vulnerability 1, float, innate
caster, HP casting, extra vitality 1
}: 2/15 runes: decaying, gossamer
a: Renounce Religion, Minor Destruction, Lesser Servant of Makhleb, Major
Destruction, Greater Servant of Makhleb


You were on level 3 of the Elven Halls.
You worshipped Makhleb.
Makhleb was exalted by your worship.
You visited 8 branches of the dungeon, and saw 35 of its levels.
You also visited: Bailey and Ice Cave.

You collected 4029 gold pieces.
You spent 1500 gold pieces at shops.

Inventory:

Hand Weapons
 D - the +2 Maxwell's thermic engine {flame, freeze, rev}
   (You found it in an ice cave)
 N - the +1 dagger of Buly (weapon) {freeze, rF- rC+++ Will++ Stlth+}
   (You found it in a bailey)

   rF-:       It makes you vulnerable to fire.
   rC+++:     It renders you almost immune to cold.
   Will++:    It greatly increases your willpower.
   Stlth+:    It makes you more stealthy.
Missiles
 C - 4 curare-tipped darts (quivered)
 G - 22 poisoned darts
 Q - 5 throwing nets
 V - 6 silver javelins
Armour
 c - a +1 pair of gloves (worn)
 l - a +1 helmet (worn)
 m - the +1 scale mail of the Other World {rF++ Regen+ Str-3 Int+3}
   (You found it on level 3 of the Lair of Beasts)

   Str-3:     It affects your strength (-3).
   Int+3:     It affects your intelligence (+3).
   rF++:      It greatly protects you from fire.
   Regen+:    It increases your rate of health regeneration.
 o - the +1 robe of the Accordion {rCorr Str+4 Dex+2}
   (You found it on level 4 of the Lair of Beasts)

   Str+4:     It affects your strength (+4).
   Dex+2:     It affects your dexterity (+2).
   rCorr:     It protects you from acid and corrosion.
 u - a +1 cloak of preservation (worn)
 I - the +0 ring mail of Darkness (worn) {rElec Int+5}
   (You found it in a bailey)

   Int+5:     It affects your intelligence (+5).
   rElec:     It insulates you from electricity.
 J - a +2 kite shield (worn)
Magical Staves
 e - a staff of fire
Jewellery
 h - the amulet of the Air {Inacc Air Fly rElec RMsl}
   (You found it on level 1 of the Lair of Beasts)

   [amulet of nothing]

   Inacc:     It reduces the accuracy of your attacks and spells.
   Air:       It enhances your air magic.
   rElec:     It insulates you from electricity.
   Fly:       It grants you flight.
   RMsl:      It protects you from missiles.
 q - a ring of protection from fire (left hand)
 A - the ring of Henotheism (right hand) {rN+ rCorr Dex+4 Stlth+}
   (You found it on level 1 of the Swamp)

   [ring of positive energy]

   Dex+4:     It affects your dexterity (+4).
   rN+:       It protects you from negative energy.
   rCorr:     It protects you from acid and corrosion.
   Stlth+:    It makes you more stealthy.
 T - the amulet "Noenekhlo" (around neck) {rN+ Regen+}
   (You bought it in a shop on level 3 of the Elven Halls)

   [amulet of regeneration]

   rN+:       It protects you from negative energy.
   Regen+:    It increases your rate of health regeneration.
 Y - a ring of ice
Wands
 a - a wand of flame (46)
 b - a wand of light (8)
 n - a wand of iceblast (15)
 z - a wand of charming (13)
 E - a wand of digging (7)
 O - a wand of mindburst (23)
Scrolls
 r - 4 scrolls of teleportation
 v - 2 scrolls of fear
 y - 11 scrolls of immolation
 B - a scroll of brand weapon
 M - 7 scrolls of fog
 P - 12 scrolls of identify
 R - 3 scrolls of revelation
 S - 5 scrolls of enchant weapon
 Z - 2 scrolls of poison
Potions
 d - 4 potions of lignification
 f - 12 potions of curing
 i - 2 potions of berserk rage
 k - 6 potions of brilliance
 p - 6 potions of ambrosia
 w - 3 potions of resistance
 H - 3 potions of cancellation
 K - 7 potions of might
 L - 3 potions of mutation
 U - 2 potions of invisibility
 W - 5 potions of enlightenment
Miscellaneous
 j - a phantom mirror (inert)


   Skills:
 + Level 21.6 Fighting
 - Level 3.0 Short Blades
 + Level 11.3 Armour
 + Level 11.6 Dodging
 - Level 13.0 Stealth
 + Level 11.1 Shields
 + Level 16.0 Spellcasting
 + Level 16.0 Conjurations
 + Level 16.0 Hexes
 + Level 16.0 Summonings
 + Level 16.0 Necromancy
 + Level 16.0 Translocations
 + Level 16.0 Transmutations
 + Level 16.0 Fire Magic
 + Level 16.0 Ice Magic
 + Level 16.0 Air Magic
 + Level 16.0 Earth Magic
 + Level 16.0 Poison Magic
 - Level 5.0 Invocations
 - Level 5.0 Evocations


You knew the following spells:

 Your Spells              Type           Power      Damage    Failure   Level
a - Magic Dart            Conj           100%       1d8       0%          1
b - Shock                 Conj/Air       100%       1d9       0%          1
c - Momentum Strike       Conj/Tloc      100%       3d10      1%          2
d - Mephitic Cloud        Conj/Pois/Air  83%        N/A       1%          3
e - Simulacrum            Ice/Necr       41%        N/A       1%          6
f - Frozen Ramparts       Ice            100%       1d16      1%          3
g - Call Imp              Summ           100%       N/A       1%          2
h - Iskenderun's Mystic   Conj/Tloc      83%        2d16      1%          4
i - Blink                 Tloc           100%       N/A       1%          2
j - Freezing Cloud        Conj/Ice/Air   41%        6-21      1%          5
k - Slow                  Hex            100%       N/A       0%          1
l - Conjure Ball Lightni  Conj/Air       41%        3x3d13    1%          6
m - Summon Hydra          Summ           41%        N/A       11%         7
n - Infestation           Necr           41%        N/A       63%         8
p - Passwall              Tmut/Erth      69%        N/A       1%          2
Your spell library was empty.

Dungeon Overview and Level Annotations

Branches:
Dungeon (15/15)            Temple (1/1) D:7            Lair (5/5) D:8
  Swamp (4/4) Lair:2       Spider (4/4) Lair:2        Slime (0/5) Lair:5
    Orc (2/2) D:9             Elf (3/3) Orc:2        Vaults (1/5) D:14
 Depths (0/4) D:15         Bailey (visited)           IceCv (visited)

Altars:
Ashenzari
Cheibriados
Dithmenos
Elyvilon
Fedhas
Gozag
Hepliaklqana
Makhleb
Nemelex Xobeh
Okawaru
Qazlal
Ru
Trog
Uskayaw
Wu Jian
Xom
Yredelemnul
Zin
The Shining One
Jiyva
Lugonu

Shops:
D:4 =   Orc:1 (   Orc:2 (:*[   Elf:3 =

Portals:
Abyss: Lair:5
Trove: Elf:1 (give horn of Geryon)

Annotations:
Elf:3 1 exclusion
Vaults:1 exclusion: orange crystal statue


Innate Abilities, Weirdness & Mutations

You are immune to sickness and miasma.
You are immune to poison.
Your flesh is very heat resistant. (rF++)
You are vulnerable to cold. (rC-)
You float through the air rather than walking.
You learn spells naturally, not from books.
Your magical power is your life essence.
You have superior vitality. (+4 MHP)


Message History

The deep elf elementalist points at you and mumbles some strange words.
The fireball explodes!
The fireball engulfs you! You resist.
* * * LOW HITPOINT WARNING * * *
The deep elf elementalist is engulfed in freezing vapours.
The deep elf elementalist points at you and mumbles some strange words.
The freezing blast engulfs you! You resist.
* * * LOW HITPOINT WARNING * * *
As you read the scroll of teleportation, it crumbles to dust.
You feel strangely unstable.
You are engulfed in freezing vapours.
You resist.
* * * LOW HITPOINT WARNING * * *
The deep elf elementalist is engulfed in freezing vapours.
The deep elf elementalist casts a spell next to you.
The wall shatters!
The blast of rock fragments hits you!!
* * * LOW HITPOINT WARNING * * *
The nameless horror is engulfed in freezing vapours.
Casting: Summon Hydra (dangerous; 11% risk of failure)
Confirm with . or Enter, or press ? or * to list all spells.
Okay, then.
Unknown command.
Casting: Summon Hydra (dangerous; 11% risk of failure)
Confirm with . or Enter, or press ? or * to list all spells.
Okay, then.
Casting: Summon Hydra (dangerous; 11% risk of failure)
Confirm with . or Enter, or press ? or * to list all spells.
Okay, then.
Unknown command.
You feel better.
You are engulfed in freezing vapours.
You resist.
The deep elf elementalist is engulfed in freezing vapours. x2
The nameless horror is engulfed in freezing vapours.
The nameless horror barely misses you.
Casting: Summon Hydra (dangerous; 11% risk of failure)
Confirm with . or Enter, or press ? or * to list all spells.
You blink.
* * * LOW HITPOINT WARNING * * *
You are engulfed in freezing vapours.
You resist.
* * * LOW HITPOINT WARNING * * *
The deep elf elementalist is engulfed in freezing vapours.
The deep elf elementalist points next to you and mumbles some strange words.
The wall shatters!
The blast of rock fragments hits you!!
You die...

.#..'..#..#..'..#.....#..#..#
.#.Z#..#..#..#..#.....#..#..#
.#..#..#..#..#.)#.....#..#..#
.#..#.Z#..#..#°○#.....#..#..#
.'..#..'..#..#○○#.....#.Z'..#
.#..####..#..#○○#####'#..#..#
.#([="....#..#°X°§.......#..#
.#....∩...#..#○e§§.......#..#
.####'#####.○###@#########..#
.Z.Z..Z.........§§..........#
Z...Z............§..........#
.#############.##############
.#*** #.# *** .#*,*** #.#
***,* .#*,,,*** #)# ***,,,*
.#*,,,,,*** #)# ***,,,,,*
.#*,*,,,,,***#e#***,,,,,*,*


You could see a deep elf elementalist (fast, empowered, repels missiles,
simulacrum) and a nameless horror.

Vanquished Creatures
  Saint Roka (Elf:2)
  Nikola (Spider:1)
  A tentacled monstrosity (Swamp:1)
  Asterion (Elf:2)
  A deep elf blademaster (Elf:3)
  Kirke (Spider:2)
  Roxanne (Spider:4)
  Aizul (Spider:4)
  A deep elf sorcerer (Elf:3)
  A vault warden (Vaults:1)
  3 emperor scorpions (Spider:4)
  A deep elf elementalist (Elf:3)
  2 ghost moths (Spider:4)
  Louise (Swamp:4)
  2 broodmothers
  An orc warlord (Orc:2)
  A spark wasp (Spider:4)
  2 deep elf demonologists
  2 deep elf death magi (Elf:3)
  3 dire elephants (D:14)
  3 deep elf annihilators
  A crystal guardian (Vaults:1)
  A deep elf high priest (Elf:3)
  Harold (Lair:2)
  An entropy weaver (Spider:1)
  An ice dragon (D:15)
  8 vault guards
  9 hydras
  2 alligators (Swamp:1)
  A jorogumo (Spider:1)
  A radroach (Spider:4)
  4 centaur warriors (Vaults:1)
  6 boulder beetles
  A tengu warrior (D:15)
  6 two-headed ogres
  5 death yaks
  Urug (Lair:3)
  4 demonic crawlers
  18 dancing weapons
  2 orc high priests (Orc:2)
  15 deep elf knights
  A skyshark (Lair:3)
  5 skeletal warriors (D:13)
  Lodul (D:10)
  2 pharaoh ants
  2 goliath frogs (Swamp:1)
  The ghost of LeprechaunX the Mimic, a novice OpSh of Hepliaklqana (D:7)
  A deep troll (D:14)
  5 swamp dragons
  5 orb spiders
  A lindwurm (Vaults:1)
  A bog body (Swamp:3)
  8 deep elf archers
  14 deep elf zephyrmancers
  2 wolf spider zombies (D:13)
  A steelbarb worm (Spider:3)
  3 orc knights
  A necromancer (IceCv)
  Pikel (D:5)
  9 ugly things
  19 deep elf pyromancers
  7 orc sorcerers
  An oklob plant (Lair:5)
  An ironbound convoker (Vaults:1)
  7 wolf spiders
  2 vault sentinels (Vaults:1)
  5 elephants (Lair:3)
  A moth of wrath (Spider:4)
  An ice statue (IceCv)
  5 black mambas
  3 torpor snails
  8 centaur zombies (D:13)
  2 gargoyles
  Jeremiah (D:7)
  The ghost of wireframewife the Shooter, a novice FoHu of Ru (D:6)
  2 efreet
  5 rime drakes
  7 cane toads
  9 komodo dragons
  6 yaktaurs
  A tengu conjurer (D:15)
  4 freezing wraiths (IceCv)
  10 ice devils (IceCv)
  An unseen horror (D:11)
  6 trolls
  An anaconda simulacrum (IceCv)
  2 bloated husks
  A queen bee (shapeshifter) (D:13)
  7 meliai
  6 hornets
  9 tarantellas
  A tarantella (shapeshifter) (Elf:2)
  2 polar bears
  A raiju (Lair:5)
  27 blink frogs
  2 tyrant leeches
  A meliai zombie (D:13)
  4 dream sheep (Lair:4)
  4 jumping spiders
  A centaur simulacrum (D:15)
  3 dire elephant simulacra (IceCv)
  13 culicivoras
  5 shadows
  4 water elementals
  3 wyverns
  2 vampires
  A spriggan (Swamp:3)
  3 wraiths (D:13)
  6 fire elementals
  2 nameless horrors
  37 yaks
  4 basilisks
  A human (Spider:2)
  20 redbacks
  4 vampire mosquitoes
  5 hogs (Spider:2)
  2 steam dragons
  3 death yak simulacra (IceCv)
  6 swamp worms
  4 wargs
  4 hydra simulacra (IceCv)
  2 hell hounds (Spider:1)
  15 water moccasins
  Pargi (D:3)
  34 orc warriors
  2 swamp drakes
  4 sky beasts
  3 black bears
  2 ice beasts (D:6)
  2 small abominations (Lair:5)
  11 ogres
  12 wolves
  13 centaurs
  A kobold brigand (D:8)
  3 lemures
  A gnoll sergeant (D:7)
  3 earth elementals (Elf:1)
  15 bullfrogs
  5 cane toad simulacra (IceCv)
  3 scorpions
  2 two-headed ogre simulacra (IceCv)
  A hornet simulacrum (D:15)
  7 wights
  7 elephant simulacra (IceCv)
  5 killer bees
  8 vampire bats (Bailey)
  4 wolf zombies (Bailey)
  12 electric eels
  2 hounds (D:4)
  6 jellies
  13 orc priests
  Crazy Yiuf (D:7)
  3 iguanas
  2 sleepcaps
  21 orc wizards
  A boggart zombie (D:13)
  A polar bear simulacrum (IceCv)
  4 wolf simulacra (IceCv)
  14 gnolls
  4 adders
  21 orc zombies (Bailey)
  4 naga simulacra (IceCv)
  A shadow imp (D:5)
  3 worms
  3 dart slugs
  69 orcs
  4 bats
  5 endoplasms
  2 giant cockroaches
  6 hobgoblins
  2 jackals (D:3)
  5 quokkas
  8 ball pythons
  A frilled lizard (D:1)
  7 goblins
  10 kobolds
  7 rats
907 creatures vanquished.

Vanquished Creatures (collateral kills)
  the Lernaean hydra (Swamp:4)
  Arachne (Spider:2)
  The ghost of croobank the Unseen, an adept OpMo of Jiyva (Swamp:1)
  2 fenstrider witches (Swamp:2)
  An emperor scorpion (Spider:3)
  A ghost moth (Spider:4)
  2 formless jellyfish (Vaults:1)
  4 broodmothers
  A war gargoyle (Vaults:1)
  An ironbound preserver (Vaults:1)
  2 ironbound thunderhulks (Vaults:1)
  Azrael (Spider:1)
  A deep elf demonologist (Elf:3)
  4 deep elf annihilators (Elf:3)
  An eleionoma (Swamp:2)
  4 bunyips (Swamp:4)
  2 deep elf death magi (Elf:3)
  2 spark wasps
  The ghost of logorrheac the Grappler, a journeyman TrBe of Trog (Lair:1)
  An ettin (Vaults:1)
  3 entropy weavers
  A shambling mangrove (Swamp:3)
  An ice dragon (D:15)
  2 vault guards
  14 hydras
  A peacekeeper (Vaults:1)
  A ghost crab (Swamp:4)
  2 ironbound frosthearts (Vaults:1)
  2 jorogumos (Spider:3)
  6 centaur warriors
  A two-headed ogre (D:12)
  6 boulder beetles
  7 dancing weapons
  8 alligators
  2 radroaches
  4 death yaks (Lair:5)
  2 demonic crawlers (Spider:1)
  2 orc high priests (Elf:1)
  2 thrashing horrors (Lair:5)
  3 large abominations (Lair:5)
  3 deep elf knights
  A skyshark (Lair:5)
  A sun moth (Spider:1)
  2 nameless horrors
  2 pharaoh ants
  4 goliath frogs
  2 spriggan riders
  2 deep trolls (Vaults:1)
  4 bog bodies
  10 orb spiders
  7 swamp dragons
  4 slime creatures
  2 spriggan druids
  4 deep elf archers
  8 lindwurms
  4 steelbarb worms
  An arcanist (Vaults:1)
  3 ironbound convokers (Vaults:1)
  13 deep elf zephyrmancers
  14 wolf spiders
  8 deep elf pyromancers
  A manticore (D:14)
  An orc knight (D:15)
  An orc sorcerer (Elf:1)
  6 ugly things
  A cyclops (D:15)
  3 will-o-the-wisps
  A smoke demon (Lair:5)
  2 moths of wrath
  A black mamba (Lair:5)
  2 vault sentinels (Vaults:1)
  A torpor snail (Spider:4)
  A komodo dragon (Lair:5)
  A cane toad (Lair:5)
  A rime drake (shapeshifter) (D:15)
  A freezing wraith (D:15)
  2 yaktaurs (Vaults:1)
  A troll (Elf:2)
  2 meliai (D:14)
  2 polar bears (Lair:5)
  6 blink frogs (Lair:5)
  21 tarantellas
  11 hornets
  6 tyrant leeches
  Prince Ribbit (D:7)
  A centaur simulacrum (D:15)
  An air elemental (Elf:3)
  15 culicivoras
  4 ynoxinuls (Lair:5)
  14 jumping spiders
  8 yaks
  10 spriggans
  2 water elementals
  2 chaos spawn (Lair:5)
  A fire elemental (Elf:1)
  2 basilisks (Lair:5)
  4 vampire mosquitoes
  46 redbacks
  8 swamp worms
  A hell hound (Spider:1)
  A water moccasin (Lair:5)
  2 orc warriors (Elf:2)
  3 swamp drakes (Swamp:4)
  A black bear (D:7)
  A black bear (shapeshifter) (Lair:5)
  An ogre (Elf:2)
  A hornet zombie (D:13)
  3 centaurs
  7 small abominations (Lair:5)
  2 earth elementals
  A gnoll sergeant (D:12)
  2 electric eels (Spider:4)
  11 jellies (Lair:5)
  An orc priest (Elf:2)
  A gnoll (D:12)
  5 orcs
441 creatures vanquished.

Vanquished Creatures (others)
  2 hydras (Swamp:4)
  2 deep elf knights (Elf:2)
  A tarantella (Spider:1)
  3 bloated husks
  A redback (Spider:1)
  A gnoll (D:12)
  8 ball lightnings
  8 foxfires
26 creatures vanquished.

Grand Total: 1374 creatures vanquished

Notes
Turn   | Place    | Note
-------+----------+-------------------------------------------
     0 | D:1      | Lobster4 the Djinni Hedge Wizard began the quest for the
                  | Orb.
     0 | D:1      | Lobster4 set off with the following spells memorised: Magic
                  | Dart, Slow, Blink, Call Imp, Mephitic Cloud.
     0 | D:1      | Reached XP level 1. HP: 15/15 MP: 0/0
   261 | D:1      | You are sucked into a shaft and drop 1 floor!
   287 | D:2      | Reached XP level 2. HP: 21/21 MP: 0/0
   342 | D:2      | Found a sacrificial altar of Ru.
   748 | D:1      | Reached XP level 3. HP: 23/26 MP: 0/0
   748 | D:1      | Learned a level 1 spell: Shock
  1316 | D:2      | Reached XP level 4. HP: 30/31 MP: 0/0
  1358 | D:2      | Reached skill level 1 in Fighting
  1358 | D:2      | Reached skill level 1 in Armour
  2024 | D:3      | Reached XP level 5. HP: 25/37 MP: 0/0
  2024 | D:3      | Learned a level 2 spell: Passwall
  2310 | D:3      | Noticed Pargi
  2955 | D:4      | Reached skill level 2 in Fighting
  2955 | D:4      | Reached XP level 6. HP: 37/43 MP: 0/0
  3003 | D:4      | Found Zetyc's Jewellery Shop.
  3426 | D:4      | Reached skill level 5 in Dodging
  3749 | D:5      | Entered Level 5 of the Dungeon
  3779 | D:5      | Reached XP level 7. HP: 18/49 MP: 0/0
  3779 | D:5      | Learned a level 2 spell: Momentum Strike
  4143 | D:5      | Reached skill level 3 in Fighting
  4553 | D:5      | Noticed Pikel
  4758 | D:5      | Killed Pikel
  4759 | D:5      | Reached skill level 4 in Fighting
  4759 | D:5      | Reached XP level 8. HP: 44/58 MP: 0/0
  5174 | D:6      | Noticed wireframewife's ghost (novice FoHu)
  5325 | D:6      | Found an iron altar of Okawaru.
  5326 | D:6      | Found a hazy altar of Hepliaklqana.
  5502 | D:6      | Found a runed translucent door.
  5578 | D:6      | Reached skill level 5 in Fighting
  5578 | D:6      | Reached skill level 5 in Armour
  5967 | D:7      | Reached XP level 9. HP: 43/65 MP: 0/0
  5967 | D:7      | Learned a level 3 spell: Frozen Ramparts
  6114 | D:7      | Noticed Prince Ribbit
  6122 | D:7      | Killed Prince Ribbit
  6700 | D:7      | Reached skill level 5 in Stealth
  6846 | D:7      | Reached skill level 6 in Fighting
  6846 | D:7      | Reached skill level 5 in Spellcasting
  6846 | D:7      | Reached skill level 5 in Conjurations
  6846 | D:7      | Reached skill level 5 in Hexes
  6846 | D:7      | Reached skill level 5 in Summonings
  6846 | D:7      | Reached skill level 5 in Necromancy
  6846 | D:7      | Reached skill level 5 in Translocations
  6846 | D:7      | Reached skill level 5 in Transmutations
  6846 | D:7      | Reached skill level 5 in Fire Magic
  6846 | D:7      | Reached skill level 5 in Ice Magic
  6846 | D:7      | Reached skill level 5 in Air Magic
  6846 | D:7      | Reached skill level 5 in Earth Magic
  6846 | D:7      | Reached skill level 5 in Poison Magic
  7033 | D:7      | Noticed Jeremiah
  7212 | D:7      | Found a runed translucent door.
  7376 | D:7      | Found a staircase to the Ecumenical Temple.
  7389 | Temple   | Entered the Ecumenical Temple
  7404 | Temple   | Became a worshipper of Makhleb the Destroyer
  7554 | D:7      | Killed Jeremiah
  7555 | D:7      | Reached skill level 1 in Evocations
  7763 | D:7      | Found a runed translucent door.
  7764 | D:7      | Noticed Crazy Yiuf
  7839 | D:7      | Noticed LeprechaunX's ghost (novice OpSh)
  7919 | D:7      | Killed Crazy Yiuf
  8334 | D:8      | Reached XP level 10. HP: 64/73 MP: 0/0
  8498 | D:8      | Reached skill level 7 in Fighting
  8807 | D:8      | Found a staircase to the Lair.
  8810 | D:8      | Identified the +0 robe of Distant Worlds {rC- Int+4}
  8922 | D:8      | Reached * piety under Makhleb
 10258 | D:3      | Killed Pargi
 10259 | D:3      | Reached skill level 8 in Fighting
 10810 | D:9      | Noticed a two-headed ogre
 11123 | D:9      | Found a flagged portal.
 11212 | Bailey   | Entered a bailey
 11272 | Bailey   | Reached ** piety under Makhleb
 11689 | Bailey   | Reached XP level 11. HP: 81/82 MP: 0/0
 11689 | Bailey   | Learned a level 4 spell: Iskenderun's Mystic Blast
 11694 | Bailey   | Identified the +0 ring mail of Darkness {rElec Int+5}
 12251 | Bailey   | Reached skill level 10 in Stealth
 12311 | Bailey   | Identified the +2 robe "Vioz" {Str+6}
 12313 | Bailey   | Identified the +1 dagger of Buly {freeze, rF- rC+++ Will++
                  | Stlth+}
 12315 | Bailey   | Identified the +0 scale mail of Cheibriados {Dex+2}
 12495 | D:9      | Killed a two-headed ogre
 12496 | D:9      | Reached skill level 9 in Fighting
 12719 | D:9      | Found a staircase to the Orcish Mines.
 12784 | D:9      | Reached *** piety under Makhleb
 13245 | D:10     | Entered Level 10 of the Dungeon
 13305 | D:10     | Noticed Lodul
 13315 | D:10     | Killed Lodul
 13316 | D:10     | Reached skill level 10 in Fighting
 14281 | D:11     | Reached XP level 12. HP: 90/91 MP: 0/0
 14293 | D:11     | Noticed a boulder beetle
 14298 | D:11     | Reached **** piety under Makhleb
 14316 | D:11     | Killed a boulder beetle
 14562 | D:11     | Found an iron altar of Okawaru.
 14928 | D:11     | Noticed a seven-headed hydra
 15218 | Lair:4   | Identified the "Ciaschoc"
 15218 | IceCv    | Identified the "Besozal"
 15218 | Orc:1    | Entered Level 1 of the Orcish Mines
 15289 | Orc:2    | Entered Level 2 of the Orcish Mines
 15301 | Orc:2    | Noticed an orc high priest
 15313 | Orc:2    | Noticed an orc high priest
 15396 | Orc:2    | Killed an orc high priest
 15439 | Orc:2    | Reached skill level 11 in Fighting
 15439 | Orc:2    | Killed an orc high priest
 15610 | Orc:2    | Noticed an orc warlord
 15650 | Orc:2    | Reached XP level 13. HP: 64/99 MP: 0/0
 15650 | Orc:2    | Learned a level 5 spell: Freezing Cloud
 15703 | Orc:2    | Found Finysof's Book Shoppe.
 15823 | Orc:2    | Killed an orc warlord
 15898 | Orc:2    | Reached ***** piety under Makhleb
 15912 | Orc:2    | Reached skill level 12 in Fighting
 16015 | Orc:2    | Found Fynee's General Store.
 16129 | Orc:2    | Bought a potion of haste for 120 gold pieces
 16172 | Orc:2    | Found Coqissoikk's Antique Armour Shop.
 16180 | Orc:2    | Bought an embroidered cloak for 232 gold pieces
 16209 | Orc:2    | Found a staircase to the Elven Halls.
 16449 | Orc:2    | Found Eplasha's Antique Weapon Boutique.
 16576 | Orc:1    | Found Lischiypt's Weapon Boutique.
 17014 | Lair:1   | Entered Level 1 of the Lair of Beasts
 17014 | Lair:1   | Found the amulet of the Air {Inacc Air Fly rElec RMsl}
 17039 | Lair:1   | Noticed a seven-headed hydra
 17107 | Lair:1   | Found a runed translucent gate.
 17108 | Lair:1   | Found a runed translucent gate.
 17131 | Lair:1   | Killed a seven-headed hydra
 17237 | Lair:1   | Noticed logorrheac's ghost (journeyman TrBe)
 17242 | Lair:1   | Found a runed translucent gate.
 17510 | Lair:1   | Reached skill level 13 in Fighting
 18029 | Lair:2   | Found a hole to the Spider Nest.
 18038 | Lair:2   | Reached skill level 1 in Invocations
 18059 | Lair:2   | Noticed Harold
 18071 | Lair:2   | Killed Harold
 18352 | Lair:2   | Reached XP level 14. HP: 84/110 MP: 0/0
 18358 | Lair:2   | Reached skill level 10 in Spellcasting
 18358 | Lair:2   | Reached skill level 10 in Conjurations
 18358 | Lair:2   | Reached skill level 10 in Hexes
 18358 | Lair:2   | Reached skill level 10 in Summonings
 18358 | Lair:2   | Reached skill level 10 in Necromancy
 18358 | Lair:2   | Reached skill level 10 in Translocations
 18358 | Lair:2   | Reached skill level 10 in Transmutations
 18358 | Lair:2   | Reached skill level 10 in Fire Magic
 18358 | Lair:2   | Reached skill level 10 in Ice Magic
 18358 | Lair:2   | Reached skill level 10 in Air Magic
 18358 | Lair:2   | Reached skill level 10 in Earth Magic
 18358 | Lair:2   | Reached skill level 10 in Poison Magic
 18784 | Lair:2   | Found a staircase to the Swamp.
 19073 | Lair:3   | Reached skill level 14 in Fighting
 19507 | Lair:3   | Identified the +1 scale mail of the Other World {rF++
                  | Regen+ Str-3 Int+3}
 19550 | Lair:3   | Noticed Urug
 19556 | Lair:3   | Killed Urug
 19816 | Lair:3   | Reached ****** piety under Makhleb
 20478 | Lair:4   | Found a frozen archway.
 20495 | IceCv    | Entered an ice cave
 21144 | IceCv    | Reached skill level 15 in Fighting
 21591 | IceCv    | Reached XP level 15. HP: 60/120 MP: 0/0
 21591 | IceCv    | Learned a level 6 spell: Simulacrum
 21699 | IceCv    | Found the +2 Maxwell's thermic engine {flame, freeze, rev}
 22118 | Lair:4   | Identified the +1 robe of the Accordion {rCorr Str+4 Dex+2}
 22554 | Lair:5   | Entered Level 5 of the Lair of Beasts
 22961 | Lair:5   | Found a staircase to the Slime Pits.
 22969 | Lair:5   | Found a viscous altar of Jiyva.
 23146 | Lair:5   | Found the +4 consecrated labrys {holy, Valiant Fragile Fly
                  | SInv}
 23221 | Lair:5   | Identified the +11 chain mail "Tuzum" {Int+3}
 23371 | Lair:5   | Reached skill level 16 in Fighting
 23595 | Lair:5   | Found a corrupted altar of Lugonu.
 23595 | Lair:5   | Found a one-way gate to the infinite horrors of the Abyss.
 23596 | Lair:5   | Found the +3 giant club "Skullcrusher" {speed, Str+7}
 23914 | Lair:1   | Killed logorrheac's ghost
 24100 | D:6      | Killed wireframewife's ghost
 24183 | D:7      | Killed LeprechaunX's ghost
 24184 | D:7      | Reached skill level 1 in Shields
 24322 | Orc:2    | Bought a brightly glowing shortbow for 184 gold pieces
 24322 | Orc:2    | Identified the +7 shortbow "Bups" {heavy, +Blink} (You
                  | bought it in a shop on level 2 of the Orcish Mines)
 24325 | Orc:2    | Bought a pitted great sword for 264 gold pieces
 24325 | Orc:2    | Identified the +0 great sword of Havoc {heavy, Fly rPois}
                  | (You bought it in a shop on level 2 of the Orcish Mines)
 25443 | D:13     | Reached XP level 16. HP: 125/128 MP: 0/0
 25452 | D:13     | Reached skill level 1 in Short Blades
 27331 | D:14     | Found a gate to the Vaults.
 27882 | D:15     | Entered Level 15 of the Dungeon
 27903 | D:15     | Reached skill level 5 in Evocations
 28358 | D:15     | Found a staircase to the Depths.
 28474 | D:15     | Found a shadowy altar of Dithmenos.
 28526 | D:15     | Reached XP level 17. HP: 130/135 MP: 0/0
 28526 | D:15     | Learned a level 6 spell: Conjure Ball Lightning
 28994 | Swamp:1  | Entered Level 1 of the Swamp
 29114 | Swamp:1  | Reached skill level 5 in Shields
 29116 | Swamp:1  | Identified the ring of Henotheism {rN+ rCorr Dex+4 Stlth+}
 29490 | Swamp:1  | Found a runed translucent door.
 29491 | Swamp:1  | Noticed croobank's ghost (adept OpMo)
 29501 | Swamp:1  | Noticed a tentacled monstrosity
 29514 | Swamp:1  | Killed a tentacled monstrosity
 29515 | Swamp:1  | Reached skill level 17 in Fighting
 29526 | Swamp:1  | Killed croobank's ghost
 29618 | Swamp:2  | Reached skill level 10 in Dodging
 29871 | Swamp:2  | Reached skill level 10 in Armour
 29968 | Swamp:2  | Identified the +6 plate armour of the Frog {Fly rF+ rCorr
                  | Dex-4}
 30909 | Swamp:4  | Entered Level 4 of the Swamp
 30909 | Swamp:4  | Noticed Louise
 30917 | Swamp:4  | Killed Louise
 31030 | Swamp:4  | Reached XP level 18. HP: 137/144 MP: 0/0
 31341 | Swamp:4  | Noticed the 27-headed Lernaean hydra
 31343 | Swamp:4  | Reached skill level 18 in Fighting
 31376 | Swamp:4  | Killed the 27-headed Lernaean hydra
 31645 | Swamp:4  | Got a decaying rune of Zot
 31943 | Spider:1 | Entered Level 1 of the Spider Nest
 32015 | Spider:1 | Noticed Azrael
 32027 | Spider:1 | Noticed Nikola
 32036 | Spider:1 | Killed Nikola
 32366 | Spider:1 | Killed Azrael
 32739 | Spider:2 | Noticed Kirke
 32747 | Spider:2 | Killed Kirke
 32775 | Spider:2 | Noticed Arachne
 32782 | Spider:2 | Reached skill level 10 in Shields
 32785 | Spider:2 | Reached XP level 19. HP: 128/152 MP: 0/0
 32785 | Spider:2 | Learned a level 7 spell: Summon Hydra
 32785 | Spider:2 | Killed Arachne
 32829 | Spider:2 | Reached skill level 19 in Fighting
 32908 | Spider:2 | Found a transporter.
 32908 | Spider:2 | Found a transporter.
 34730 | Spider:4 | Entered Level 4 of the Spider Nest
 35310 | Spider:4 | Noticed Roxanne
 35537 | Spider:4 | Reached skill level 20 in Fighting
 35725 | Spider:4 | Identified the serpent talisman of Xom, Charming {rF+}
 35725 | Spider:4 | Noticed Aizul
 35739 | Spider:4 | Killed Aizul
 36124 | Spider:4 | Reached XP level 20. HP: 143/162 MP: 0/0
 36167 | Spider:4 | Found the +3 pair of seven-league boots {Rampage+∞}
 36206 | Spider:4 | Got a gossamer rune of Zot
 36382 | Spider:4 | Killed Roxanne
 36853 | Vaults:1 | Entered Level 1 of the Vaults
 36882 | Vaults:1 | Reached skill level 15 in Spellcasting
 36882 | Vaults:1 | Reached skill level 15 in Conjurations
 36882 | Vaults:1 | Reached skill level 15 in Hexes
 36882 | Vaults:1 | Reached skill level 15 in Summonings
 36882 | Vaults:1 | Reached skill level 15 in Necromancy
 36882 | Vaults:1 | Reached skill level 15 in Translocations
 36882 | Vaults:1 | Reached skill level 15 in Transmutations
 36882 | Vaults:1 | Reached skill level 15 in Fire Magic
 36882 | Vaults:1 | Reached skill level 15 in Ice Magic
 36882 | Vaults:1 | Reached skill level 15 in Air Magic
 36882 | Vaults:1 | Reached skill level 15 in Earth Magic
 36882 | Vaults:1 | Reached skill level 15 in Poison Magic
 38738 | Desolati | Identified the "Daxzifio"
 38738 | Desolati | Identified the of Gatun
 38738 | Desolati | Identified the "Nustud"
 38738 | Desolati | Identified the of Herunnec
 38738 | Vaults:5 | Identified the of Peghuigi
 38738 | Depths:2 | Identified the "Urchuel"
 38738 | Elf:1    | Identified the "Voacixka"
 38738 | Elf:1    | Entered Level 1 of the Elven Halls
 38753 | Elf:1    | Reached skill level 21 in Fighting
 38883 | Elf:1    | Found a portal to a secret trove of treasure.
 40429 | Elf:2    | Noticed Asterion
 40451 | Elf:2    | Killed Asterion
 40452 | Elf:2    | Reached XP level 21. HP: 57/171 MP: 0/0
 40452 | Elf:2    | Learned a level 8 spell: Infestation
 40892 | Elf:2    | Noticed Saint Roka
 40913 | Elf:2    | Found a runed translucent gate.
 40913 | Elf:2    | Found a runed translucent gate.
 40913 | Elf:2    | Found a runed translucent gate.
 40951 | Elf:2    | Identified the +3 dagger of Deformation {vamp, rF- rC+
                  | MP+9}
 41182 | Elf:2    | Killed Saint Roka
 41386 | Elf:2    | Reached skill level 5 in Invocations
 41406 | Elf:2    | Identified the +8 dagger of False Hope {drain, Str+2}
 42379 | Elf:3    | Identified the "Sauplamo"
 42379 | Elf:3    | Identified the "Tuacudgh"
 42379 | Elf:3    | Entered Level 3 of the Elven Halls
 42511 | Elf:3    | Identified the +1 robe "Teqy" {rF+}
 42749 | Elf:3    | Found Efu Hipugrac's Jewellery Boutique.
 42762 | Elf:3    | Bought the amulet "Noenekhlo" {rN+ Regen+} for 700 gold
                  | pieces
 43286 | Elf:3    | Identified the +10 dagger of a volcano {heavy, rN+}
 43286 | Elf:3    | Identified the ring "Ununud" {rPois rC+ rCorr Str-4 Slay+3}
 43303 | Elf:3    | HP: 1/172 [deep elf elementalist/blast of rock fragments
                  | (23)]
 43305 | Elf:3    | Killed from afar by a deep elf elementalist

Illustrated notes

Levels and vault maps discovered:
D:1:      minmay_arrival_plants_in_alcoves, layout_basic, nrook_uturn,
          nicolae_titane
D:2:      layout_basic, basic_altar, guppyfry_early_orc_mine
D:3:      layout_loops_corners, uniq_pargi
D:4:      layout_basic, serial_shops, shop
D:5:      layout_loops_ring, serial_park_tiny_1, uniq_pikel
D:6:      layout_basic, chequers_temple_overflow_statue_of_worship,
          hellmonk_ghost_happy_afterlife
D:7:      nicolae_cairo_tiling_large_dashed, layout_loops_cross, temple_statues,
          ebering_ghost_reflecting_pool, chequers_garden,
          uniq_crazy_yiuf_cottage, uniq_prince_ribbit1, uniq_jeremiah
D:8:      layout_loops_ring, david_lair_generic, chequers_serial_rivers_small_a,
          minmay_door_square, centaur_isle
D:9:      layout_basic, david_orc_1_choice, enter_bailey_5
D:10:     cheibrodos_helix_gallery, layout_loops_corners, uniq_lodul
D:11:     layout_irregular_city, okawaru_gym_becter
D:12:     layout_basic
D:13:     layout_basic, serial_undead, serial_undead_e, serial_undead_d,
          serial_undead_f, serial_undead_b, serial_undead_d, serial_undead_c,
          serial_undead_e, serial_undead_f
D:14:     layout_cave_pods, erik_vaults_2, hangedman_abyss_or_decor_slice
D:15:     grunt_enter_depths_hoard, layout_basic,
          nicolae_dithmenos_through_a_glass_darkly, lightli_fourway_metalbox
Temple:   nicolae_temple_bog_church
Lair:1:   layout_small_grid, gammafunk_ghost_split, grunt_megastairs_1
Lair:2:   layout_hall_layers, nicolae_swamp_entry_splash_gauntlet,
          nicolae_spider_entry_orb_guardian, st_stairs_13, beast_lair_carwin_10,
          grunt_megastairs_4, uniq_harold
Lair:3:   layout_regular_city, beast_lair_carwin_8, uniq_urug
Lair:4:   layout_long_grid, portal_ice_cave_rime, grunt_megastairs_3
Lair:5:   hellmonk_lair_end_abyssal_woods, layout_hall_layers,
          minmay_slime_entry_jelly_boxes, lemuel_fruit_tree,
          serial_bayou_shore_b, grunt_megastairs_2
Swamp:1:  layout_basic_swamp, ebering_ghost_inner_flame, nicolae_swamp_treefoil,
          swamp_pool_4
Swamp:2:  layout_basic_swamp, hangedman_swamp_ruin_wall, swamp_pool_4,
          nicolae_swamp_tree_isthmus, infiniplex_staircase_pool_2
Swamp:3:  layout_basic_swamp, nicolae_swamp_ascending_descending_big
Swamp:4:  swamp_old_school, layout_basic_swamp, uniq_louise
Spider:1: layout_spider_delve, hellmonk_spider_spawner, uniq_nikola, uniq_azrael
Spider:2: gammafunk_boulding_lane, uniq_kirke, uniq_arachne
Spider:3: layout_cave_pods
Spider:4: spider_rune_water, uniq_aizul, uniq_roxanne
Orc:1:    layout_diamond_mine, serial_shops, shop
Orc:2:    grunt_orc_gardens, layout_diamond_mine, grunt_orc_garden,
          grunt_orc_garden, grunt_orc_garden, grunt_orc_garden, mines1_david
Elf:1:    nicolae_elf_arrival_no_cutting_in_line, layout_loops_corners,
          enter_trove_0, minmay_elf_demonology
Elf:2:    nicolae_elf_blades_crystal_corner, layout_loops_corners,
          uniq_asterion, uniq_saint_roka
Elf:3:    elf_hall, layout_onion_city, serial_shops, shop
Vaults:1: vaults_mumra_lcd, dpeg_vaults_monster_row, v_misc_12,
          hangedman_vaults_nodes, ontoclasm_vaults_spin, v_alt_pattern_6,
          hangedman_vaults_capsules, nicolae_vaults_ring_of_whatevers,
          nicolae_vaults_statue_guard, vaults_room_hallway,
          nicolae_vaults_little_ls, v_misc_22, layout_vaults_omnibox

Skill      XL: |  1  2  3  4  5  6  7  8  9 10 11 12 13 14 15 16 17 18 19 20 21 |
---------------+----------------------------------------------------------------+-----
Spellcasting   | 3 4 5 6 7 8 9 11 12 13 14 15 16 | 16.0
Conjurations   | 3 4 5 6 7 8 9 11 12 13 14 15 16 | 16.0
Hexes          | 3 4 5 6 7 8 9 11 12 13 14 15 16 | 16.0
Summonings     | 3 4 5 6 7 8 9 11 12 13 14 15 16 | 16.0
Necromancy     | 3 4 5 6 7 8 9 11 12 13 14 15 16 | 16.0
Translocations | 3 4 5 6 7 8 9 11 12 13 14 15 16 | 16.0
Transmutations | 3 4 5 6 7 8 9 11 12 13 14 15 16 | 16.0
Fire Magic     | 3 4 5 6 7 8 9 11 12 13 14 15 16 | 16.0
Ice Magic      | 3 4 5 6 7 8 9 11 12 13 14 15 16 | 16.0
Air Magic      | 3 4 5 6 7 8 9 11 12 13 14 15 16 | 16.0
Earth Magic    | 3 4 5 6 7 8 9 11 12 13 14 15 16 | 16.0
Poison Magic   | 3 4 5 6 7 8 9 11 12 13 14 15 16 | 16.0
Fighting       | 1 2 4 5 6 8 10 11 13 15 16 17 18 20 21 | 21.6
Armour         | 1 2 4 5 6 7 9 10 11 | 11.3
Dodging        | 3 4 5 6 7 9 10 11 | 11.6
Stealth        | 2 4 6 9 10 12 13 | 13.0
Evocations     | 2 3 5 |  5.0
Invocations    | 3 4 5 |  5.0
Shields        | 1 4 7 10 11 | 11.1
Short Blades   | 3 |  3.0

Action                     |  1- 3 |  4- 6 |  7- 9 | 10-12 | 13-15 | 16-18 | 19-21 || total
---------------------------+-------+-------+-------+-------+-------+-------+-------++-------
  Melee: Dagger            |       |       |     5 |     9 |    35 |    63 |   254 ||   366
         Staff             |       |       |       |     8 |       |       |       ||     8
         Punch             |       |       |       |       |     2 |       |       ||     2
  Throw: Boomerang         |       |       |       |    36 |       |       |       ||    36
         Javelin           |       |       |       |     6 |       |       |       ||     6
         Dart              |       |       |       |     6 |     4 |     6 |     3 ||    19
   Cast: Magic Dart        |    57 |    63 |    52 |    50 |    19 |    19 |     9 ||   269
         Shock             |    18 |    70 |   173 |   494 |   756 |   184 |    69 ||  1764
         Slow              |       |    10 |     1 |     1 |     2 |       |       ||    14
         Call Imp          |       |     4 |    11 |     3 |     3 |     2 |       ||    23
         Mephitic Cloud    |       |     1 |     9 |    38 |    16 |     4 |    17 ||    85
         Momentum Strike   |       |       |     8 |     6 |     6 |     7 |     4 ||    31
         Frozen Ramparts   |       |       |       |    34 |    49 |    36 |    54 ||   173
         Iskenderun's Myst |       |       |       |    72 |   217 |   148 |   161 ||   598
         Freezing Cloud    |       |       |       |       |    39 |    42 |    44 ||   125
         Blink             |       |       |       |       |     1 |       |     2 ||     3
         Simulacrum        |       |       |       |       |    45 |   147 |   291 ||   483
         Conjure Ball Ligh |       |       |       |       |       |     3 |     1 ||     4
         Summon Hydra      |       |       |       |       |       |       |    30 ||    30
         Passwall          |       |       |       |       |       |       |     1 ||     1
  Evoke: Wand              |       |       |       |     1 |       |       |     5 ||     6
         Phantom mirror    |       |       |       |       |       |       |     1 ||     1
    Use: Scroll            |       |     4 |     5 |     4 |    13 |    11 |    13 ||    50
         Potion            |       |       |     1 |       |       |     7 |     7 ||    15
   Stab: Confused          |       |       |     1 |       |       |       |     3 ||     4
         Sleeping          |       |       |       |     3 |     3 |    20 |    10 ||    36
         Distracted        |       |       |       |       |       |     1 |     7 ||     8
 Armour: Robe              |     5 |     1 |       |       |       |       |       ||     6
         Leather armour    |       |    53 |    59 |   133 |       |       |       ||   245
         Ring mail         |       |       |       |   113 |   253 |   343 |   467 ||  1176
  Dodge: Dodged            |     6 |    31 |    48 |   207 |   161 |   196 |   253 ||   902
  Block: Buckler           |       |       |       |       |       |    62 |    42 ||   104
         Kite shield       |       |       |       |       |       |       |   211 ||   211

Table legend: (Time is in decaauts)
 A = Elapsed time spent in this place.
 B = Non-inter-level travel time spent in this place.
 C = Inter-level travel time spent in this place.
 D = Time resting spent in this place.
 E = Time spent auto-exploring this place.
 F = Levels seen in this place.
 G = Mean time per level.
                   A        B        C        D        E       F      G
               +--------+--------+--------+--------+--------+-----+--------+
         Total |  43375 |  39332 |   4043 |   6405 |  20424 |  37 | 1172.3 |
       Dungeon |  19664 |  17102 |   2562 |   3502 |  10034 |  15 | 1310.9 |
        Temple |     26 |      6 |     20 |      0 |      4 |   1 |   26.0 |
          Lair |   5862 |   5262 |    600 |    481 |   3055 |   5 | 1172.4 |
         Swamp |   2884 |   2742 |    142 |    136 |   1636 |   4 |  721.0 |
   Spider Nest |   4619 |   4311 |    308 |    682 |   1840 |   4 | 1154.8 |
  Orcish Mines |   1861 |   1599 |    262 |    319 |    764 |   2 |  930.5 |
   Elven Halls |   4568 |   4472 |     96 |    510 |   2096 |   3 | 1522.7 |
        Vaults |   1386 |   1335 |     51 |    146 |    686 |   1 | 1386.0 |
        Bailey |   1180 |   1180 |      0 |    363 |     52 |   1 | 1180.0 |
      Ice Cave |   1319 |   1319 |      0 |    265 |    257 |   1 | 1319.0 |
               +--------+--------+--------+--------+--------+-----+--------+

Top non-repeatable levels by time:
     D:8: 2288 daAuts
   Elf:2: 2142 daAuts
Spider:4: 1643 daAuts
     D:6: 1629 daAuts
     D:7: 1599 daAuts
     D:9: 1516 daAuts
    D:13: 1513 daAuts
   Elf:1: 1500 daAuts
    D:14: 1473 daAuts
Vaults:1: 1386 daAuts
     D:5: 1331 daAuts
   IceCv: 1319 daAuts
  Lair:3: 1261 daAuts
  Lair:5: 1258 daAuts
  Lair:2: 1250 daAuts
